 Dungeon Crawl Stone Soup version 0.26-a0-663-g36e8fdb655 (webtiles) character file.

Game seed: 2873535195157901283

2695 marklar909 the Covert (level 9, -5/58 HPs)
             Began as a Formicid Enchanter on Oct 12, 2020.
             Was a Priest of Hepliaklqana.
             Shot with a bolt by an orc warrior (24 damage)
             ... in a bailey.
             The game lasted 00:21:57 (10666 turns).

marklar909 the Covert (Formicid Enchanter)         Turns: 10666, Time: 00:21:57

Health: -5/58      AC:  5    Str: 13    XL:     9   Next: 96%
Magic:  25/25      EV: 14    Int: 16    God:    Hepliaklqana [***...]
Gold:   433        SH:  0    Dex: 13    Spells: 6/18 levels left

rFire    . . .     SeeInvis +   D - +1 short sword (speed)
rCold    . . .     Faith    .   (no shield)
rNeg     . . .     Spirit   .   b - +0 robe
rPois    .         Reflect  .   (helmet unavailable)
rElec    .         Harm     .   s - scarf {+Inv}
rCorr    .         Rampage  .   n - +2 pair of gloves
MR       .....                  (no boots)
Stlth    ++++......             l - amulet of magic regeneration
HPRegen  0.19/turn              x - ring of magical power
MPRegen  0.44/turn              (no ring)

@: no status effects
A: permanent stasis, dig shafts and tunnels, four strong arms, reduced essence,
antennae 3
a: Dig, Shaft Self, Recall Ancestor, Ancestor Identity, Transference, Renounce
Religion, Evoke Invisibility


You were in a bailey.
You worshipped Hepliaklqana.
Hepliaklqana was most pleased with you.
You visited 2 branches of the dungeon, and saw 9 of its levels.
You also visited: Bailey.

You collected 433 gold pieces.

Inventory:

Hand Weapons
 D - a +1 short sword of speed (weapon)
Missiles
 t - 38 poisoned darts (quivered)
Armour
 b - a +0 robe (worn)
 m - a +2 cloak
 n - a +2 pair of gloves (worn)
 s - a scarf of invisibility (worn)
 B - a +0 buckler
Jewellery
 l - an amulet of magic regeneration (around neck)
 x - a ring of magical power (left hand)
Wands
 r - a wand of disintegration (19)
 u - a wand of iceblast (10)
 y - a wand of polymorph (15)
Scrolls
 f - 2 scrolls of fear
 g - 4 scrolls of remove curse
 i - 2 scrolls of identify
 j - a scroll of enchant armour
 v - a scroll of fog
Potions
 a - a potion of brilliance
 c - 2 potions of stabbing
 d - 3 potions of ambrosia
 e - 4 potions of magic
 o - 6 potions of curing
 p - 2 potions of resistance
 w - 2 potions of flight
 C - 2 potions of degeneration {unknown}


   Skills:
 * Level 3.7 Fighting
 + Level 3.7 Short Blades
 * Level 3.2 Armour
 + Level 3.8 Dodging
 + Level 8.9 Stealth
 * Level 1.6 Shields
 + Level 5.1 Spellcasting
 * Level 8.3 Hexes
 + Level 3.0 Ice Magic


You had 6 spell levels left.
You knew the following spells:

 Your Spells              Type           Power        Failure   Level
a - Corona                Hex            ####...      1%          1
b - Ensorcelled Hibernat  Hex/Ice        ###...       2%          2
c - Confusing Touch       Hex            ####....     1%          3
d - Tukima's Dance        Hex            ####....     1%          3
e - Dazzling Flash        Conj/Hex       ###...       9%          3

Your spell library contained the following spells:

 Spells                   Type           Power        Failure   Level


Dungeon Overview and Level Annotations

Branches:
Dungeon (8/15)             Temple (1/1) D:6          Bailey (1/1)
   Lair: D:8-11

Altars:
Ashenzari
Cheibriados
Dithmenos
Elyvilon
Fedhas
Gozag
Hepliaklqana
Kikubaaqudgha
Makhleb
Nemelex Xobeh
Okawaru
Qazlal
Ru
Sif Muna
Trog
Uskayaw
Vehumet
Wu Jian
Xom
Yredelemnul
Zin
The Shining One

Shops:
D:5 :

Annotations:
D:2 Crazy Yiuf


Innate Abilities, Weirdness & Mutations

You cannot be hasted, slowed, berserked, paralysed or teleported.
You can dig through walls and to a lower floor.
Your four strong arms can wield two-handed weapons with a shield.
You have a pair of large antennae on your head. (SInv)
Your life essence is reduced to manifest your ancestor. (-10% HP)


Message History

The bolt completely misses you.
Casting: Ensorcelled Hibernation (safe; 2% risk of failure)
Confirm with . or Enter, or press ? or * to list all spells.
Aiming: Ensorcelled Hibernation (safe; 2% risk of failure)
Press: ? - help, Shift-Dir - straight line, f - orc
Aim: an orc, wielding a +0 arbalest, wearing a +0 scale mail and quivering 8 bolts (chance to defeat MR: 69%)
The orc looks drowsy...
Unknown command.
The helpless orc fails to defend itself.
You impale the orc!!
You kill the orc!
The orc shoots a bolt.
The bolt completely misses you.
The orc warrior shoots a bolt.
The bolt hits you!!
The orc shoots a bolt.
The bolt misses you.
You see here a bolt.
You are too injured to fight recklessly!
You are too injured to fight recklessly!
Unknown command.
The orc warrior shoots a bolt.
The bolt hits you!!
You die...

#..(..................
#(......≈≈≈≈≈.........
#(.....≈≈#.#≈≈........
#......≈##.##≈...(....
#......≈..^(.≈).(.(...
#......≈##)∩#≈....(..o
#......≈≈#.#.R......##
#.......≈≈≈≈≈((..####
#.........(o..@(##
#..............##
#.............(# {
#(..........(.##
#.............# {
#.............# {
#.............# {
.............#


You could see the friendly Nx'Puit the hexer, an orc warrior and an orc.

Vanquished Creatures
  Edmund (D:4)
  Duvessa (D:4)
  2 orc warriors (D:7)
  An ice beast (D:6)
  2 phantoms
  2 centaurs
  An ogre (D:5)
  A big kobold (D:7)
  A scorpion (D:7)
  3 killer bees (D:7)
  4 jellies
  A bullfrog skeleton (D:4)
  6 hounds
  2 orc priests
  A gnoll shaman (D:7)
  2 iguanas (D:7)
  10 worker ants
  4 orc wizards
  A hound zombie (D:6)
  4 gnolls
  6 adders
  3 white imps
  2 adder zombies
  A worm (D:4)
  3 dart slugs (D:1)
  2 leopard geckos
  19 orcs
  6 giant cockroaches
  13 goblins
  8 hobgoblins
  6 jackals
  A quokka (D:4)
  4 ball pythons
  9 bats
  8 frilled lizards
  A giant cockroach zombie (D:6)
  6 kobolds
  A quokka skeleton (D:6)
  9 rats
158 creatures vanquished.

Vanquished Creatures (collateral kills)
  A sky beast (D:6)
  A black bear (D:7)
  An ogre (D:7)
  Dowan (D:4)
  An orc wizard (D:5)
  A worker ant (D:5)
  4 gnolls
  An adder (D:7)
  A worm (D:5)
  A dart slug (D:4)
  A leopard gecko (D:4)
  8 orcs
  2 ball pythons (D:6)
  A giant cockroach (D:6)
  A hobgoblin (D:3)
  4 jackals (D:6)
  6 kobolds (D:7)
  2 rats
38 creatures vanquished.

Vanquished Creatures (others)
  A hexer (D:7)
  A fungus (D:1)
  11 plants (D:3)
13 creatures vanquished.

Grand Total: 209 creatures vanquished

Notes
Turn   | Place    | Note
-------+----------+-------------------------------------------
     0 | D:1      | marklar909 the Formicid Enchanter began the quest for the
                  | Orb.
     0 | D:1      | Reached XP level 1. HP: 13/13 MP: 3/3
   319 | D:1      | Reached XP level 2. HP: 17/19 MP: 3/5
   631 | D:1      | Learned a level 2 spell: Ensorcelled Hibernation
   816 | D:1      | Reached XP level 3. HP: 24/24 MP: 6/6
  1420 | D:2      | Reached XP level 4. HP: 7/31 MP: 7/7
  1766 | D:2      | Learned a level 3 spell: Confusing Touch
  2413 | D:2      | Found a runed translucent door.
  2414 | D:2      | Noticed Crazy Yiuf
  3174 | D:3      | Reached XP level 5. HP: 22/36 MP: 2/9
  3310 | D:3      | Found a hide-covered altar of Uskayaw.
  3610 | D:3      | You fall into a shaft and drop 3 floors!
  3615 | D:6      | Noticed an ice beast
  3620 | D:6      | Reached skill level 5 in Stealth
  3634 | D:6      | Killed an ice beast
  3634 | D:6      | Reached skill level 1 in Fighting
  3634 | D:6      | Reached skill level 1 in Ice Magic
  3634 | D:6      | Reached XP level 6. HP: 39/43 MP: 5/10
  3644 | D:6      | Reached skill level 5 in Hexes
  3749 | D:6      | Found a staircase to the Ecumenical Temple.
  3805 | Temple   | Entered the Ecumenical Temple
  3919 | Temple   | Became a worshipper of Hepliaklqana the Forgotten
  4225 | D:6      | Reached XP level 7. HP: 14/43 MP: 8/11
  4858 | D:5      | Entered Level 5 of the Dungeon
  5120 | D:5      | Reached * piety under Hepliaklqana
  5353 | D:5      | Found an iron altar of Okawaru.
  5371 | D:5      | Reached XP level 8. HP: 48/48 MP: 10/13
  6455 | D:4      | Noticed Edmund
  6467 | D:4      | Killed Edmund
  6843 | D:4      | Reached ** piety under Hepliaklqana
  6844 | D:4      | Remembered your ancestor Nx'Puit as a hexer
  6959 | D:4      | Noticed Dowan
  6961 | D:4      | Noticed Duvessa
  6992 | D:4      | Killed Dowan
  7008 | D:4      | Killed Duvessa
  7351 | D:5      | Learned a level 3 spell: Tukima's Dance
  7355 | D:5      | Learned a level 3 spell: Dazzling Flash
  7425 | D:5      | Reached skill level 1 in Armour
  7856 | D:5      | Found Wauwak's Book Shoppe.
  8190 | D:6      | Reached XP level 9. HP: 45/55 MP: 5/15
  9127 | D:7      | Reached skill level 5 in Spellcasting
  9457 | D:7      | Reached *** piety under Hepliaklqana
 10386 | D:8      | Found a flagged portal.
 10422 | D:8      | Reached skill level 1 in Shields
 10445 | Bailey   | Entered a bailey
 10666 | Bailey   | Shot with a bolt by an orc warrior

Illustrated notes

Levels and vault maps discovered:
D:1:      dpeg_cavernosity, layout_loops_ring
D:2:      layout_basic, bh_walls_and_bars, uniq_crazy_yiuf_cottage
D:3:      layout_basic, eat_drink_and_be_merry_uskayaw, serial_bayou,
          serial_bayou_lagoon_a, serial_bayou_shore_a, serial_bayou_crossing,
          serial_bayou_shore_b
D:4:      layout_basic, minmay_misc_feat_five, uniq_duvessa, uniq_edmund
D:5:      layout_basic, serial_shops, kennysheep_mini,
          hangedman_decor_clover_reticule, okawaru_trees_1
D:6:      layout_loops_corners, minmay_temple_entry_junction,
          portal_sewer_entry_b
D:7:      layout_basic, chequers_serial_rivers_room_b, zaba_anthole,
          minmay_misc_feat_diagonals
D:8:      layout_basic, enter_bailey_2, special_room [special_room_orc]
Temple:   kilobyte_greek_temple
Bailey:   bailey_polearm_2, bailey

Skill      XL: |  1  2  3  4  5  6  7  8  9 |
---------------+----------------------------+-----
Hexes          | 4 5 6 7 8 |  8.3
Dodging        | 2 3 |  3.8
Stealth        | 4 5 6 7 8 |  8.9
Fighting       | 1 2 3 |  3.7
Spellcasting   | 3 4 5 |  5.1
Ice Magic      | 1 2 3 |  3.0
Short Blades   | 2 3 |  3.7
Armour         | 1 3 |  3.2
Shields        | 1 |  1.6

Action                   |  1- 3 |  4- 6 |  7- 9 || total
-------------------------+-------+-------+-------++-------
Melee: Dagger            |    58 |   142 |   297 ||   497
       Short sword       |       |       |    45 ||    45
 Cast: Corona            |     6 |     3 |       ||     9
       Ensorcelled Hiber |       |    20 |    63 ||    83
       Confusing Touch   |       |     3 |    16 ||    19
       Dazzling Flash    |       |       |     1 ||     1
Invok: Ancestor Identity |       |     1 |       ||     1
       Ancestor Life: He |       |       |     1 ||     1
 Abil: Dig               |       |     1 |       ||     1
  Use: Scroll            |       |     3 |    15 ||    18
 Stab: Sleeping          |    11 |    23 |    46 ||    80
       Confused          |       |     4 |    16 ||    20
       Invisible         |       |       |     1 ||     1
Armor: Robe              |     8 |    47 |    73 ||   128
Dodge: Dodged            |    34 |    96 |   208 ||   338

Table legend: (Time is in decaauts)
 A = Elapsed time spent in this place.
 B = Non-inter-level travel time spent in this place.
 C = Inter-level travel time spent in this place.
 D = Time resting spent in this place.
 E = Time spent auto-exploring this place.
 F = Levels seen in this place.
 G = Mean time per level.
                   A        B        C        D        E       F      G
               +--------+--------+--------+--------+--------+-----+--------+
         Total |  10623 |  10127 |    496 |   1294 |   7106 |  10 | 1062.3 |
       Dungeon |  10246 |   9773 |    473 |   1111 |   7004 |   8 | 1280.8 |
        Temple |    156 |    133 |     23 |      0 |    102 |   1 |  156.0 |
        Bailey |    220 |    220 |      0 |    183 |      0 |   1 |  220.0 |
               +--------+--------+--------+--------+--------+-----+--------+

Top non-repeatable levels by time:
     D:7: 1808 daAuts
     D:2: 1628 daAuts
     D:6: 1462 daAuts
     D:3: 1436 daAuts
     D:1: 1324 daAuts
     D:5: 1187 daAuts
     D:4: 1131 daAuts
     D:8: 267 daAuts
  Bailey: 220 daAuts
  Temple: 156 daAuts
